 Dungeon Crawl Stone Soup version 0.30-a0-920-g7493c07aab (webtiles) character file.

Game seed: 5178795053322016873

165 bande the Trooper (level 5, -1/33 HPs)
             Began as a Gargoyle Fighter on Mar 22, 2023.
             Slain by an iron imp (3 damage)
             ... summoned by Eustachio
             ... on level 4 of the Dungeon.
             The game lasted 00:05:10 (2174 turns).

bande the Trooper (Gargoyle Fighter)                Turns: 2174, Time: 00:05:11

Health: -1/33      AC: 17    Str: 20      XL:     5   Next: 46%
Magic:  5/5        EV:  7    Int:  8      God:
Gold:   156        SH:  4    Dex:  9 (11) Spells: 3/4 levels left

rFire   . . .      SeeInvis .    a - +1 war axe
rCold   . . .      Faith    .    c - +0 buckler
rNeg    + . .      Spirit   .    l - +0 chain mail
rPois   ∞          Reflect  .    i - +0 helmet
rElec   +          Rampage  .    (no cloak)
rCorr   .                        j - +2 pair of gloves
Will    .....                    (no boots) Stlth
                                 (no amulet)
HPRegen 0.25/turn                (no ring)
MPRegen 0.09/turn                (no ring)

@: no status effects
A: sickness immunity, AC +4, negative energy resistance 1, electricity
resistance, torment resistance 1, petrification resistance
a: no special abilities


You were on level 4 of the Dungeon.
You visited 1 branch of the dungeon, and saw 4 of its levels.

You collected 156 gold pieces.

Inventory:

Hand Weapons
 a - a +1 war axe (weapon)
 q - a +0 flail
Armour
 c - a +0 buckler (worn)
 i - a +0 helmet (worn)
 j - a +2 pair of gloves (worn)
 l - a +0 chain mail (worn)
Jewellery
 e - the amulet "Qopsomie" {Acrobat -Cast rCorr Dex+3}
   (You found it on level 2 of the Dungeon)

   [amulet of the acrobat]

   It increases your evasion while moving and waiting.
   Dex:       It affects your dexterity (+3).
   -Cast:     It prevents spellcasting.
   rCorr:     It protects you from acid and corrosion.
 h - an amulet of the acrobat
Wands
 m - a wand of flame (1)
 p - a wand of roots (10)
Scrolls
 f - a scroll of fear
 g - 3 scrolls of identify
Potions
 b - 2 potions of cancellation {unknown}
 d - a potion of might
 k - 2 potions of mutation
 n - a potion of curing
 o - 2 potions of flight {unknown}
 r - a potion of heal wounds {unknown}


   Skills:
 + Level 4.2 Fighting
 + Level 3.3 Axes
 + Level 4.1 Armour
 + Level 4.1 Shields


You had 3 spell levels left.
You knew the following spells:

 Your Spells              Type           Power      Damage    Failure   Level
a - Apportation           Tloc           0%         N/A       99%         1

Your spell library contained the following spells:

 Spells                   Type           Power      Damage    Failure   Level
 Alistair's Intoxication  Tmut/Pois      0%         N/A       100%        5


Dungeon Overview and Level Annotations

Branches:
Dungeon (4/15)
 Temple: D:4-7

Altars:
Gozag

Shops:
D:1 (   D:4 [

Annotations:
D:3 2 transporters
D:4 Eustachio


Innate Abilities, Weirdness & Mutations

You are immune to sickness and miasma.
Your stone body is resilient. (AC +4)
You are immune to poison.
You resist negative energy. (rN+)
You are resistant to electric shocks. (rElec)
You are resistant to unholy torment.
You are immune to petrification.


Message History

The crimson imp hits you but does no damage.
The quasit bites you but does no damage.
You block the quasit's attack. The quasit barely misses you.
Eustachio casts a spell.
You closely miss Eustachio.
Eustachio is almost dead.
You barely miss the bat. You miss the crimson imp. You miss the quasit.
You barely miss the iron imp.
The quokka disappears in a puff of smoke!
The bat hits you but does no damage. You block the bat's attack.
The quasit bites you but does no damage.
The quasit barely misses you. You block the quasit's attack.
The crimson imp hits you but does no damage.
The iron imp hits you but does no damage.
The bat hits you but does no damage. x2; Eustachio hits you with a +0 rapier.
* * * LOW HITPOINT WARNING * * *
The quasit bites you but does no damage.
The quasit barely misses you. The quasit claws you.
* * * LOW HITPOINT WARNING * * *
The crimson imp hits you but does no damage.
The iron imp hits you but does no damage.
The bat hits you but does no damage.
You barely miss Eustachio.
Eustachio is almost dead.
You barely miss the crimson imp. You barely miss the quasit.
You hit the iron imp but do no damage. You hit the bat.
You kill the bat!
The bat's corpse disappears in a puff of smoke!
You block the bat's attack.
Eustachio casts a spell.
Eustachio blinks!
The quasit completely misses you.
The quasit claws you but does no damage. x2
The bat hits you but does no damage.
The crimson imp shouts, "Get thee hence, thou churlish clay-brained whey-face!"
The crimson imp barely misses you.
The quokka bites you but does no damage.
The quasit closely misses you. You block the quasit's attack.
The quasit claws you but does no damage.
The iron imp hits you.
You die...

. .# ####$
####...
#....##
#.....# #
####.5@5.#
#.#....r@?.#
#......r5b.#
##....∩§...#
#.......###
#..>....#
#......##
#......#
####.#.#
#...#


You could see Eustachio, an iron imp (summoned), a quasit (summoned), a crimson
imp (summoned), a river rat (summoned), a quokka (summoned) and a bat
(summoned).

Vanquished Creatures
  Ijyb (D:3)
  Robin (D:2)
  4 adders
  2 worms (D:2)
  4 dart slugs
  5 orcs (D:3)
  4 ball pythons
  7 endoplasms
  4 giant cockroaches
  12 goblins
  11 hobgoblins
  A quokka (D:1)
  2 bats
  2 frilled lizards (D:2)
  6 kobolds
  5 rats
71 creatures vanquished.

Vanquished Creatures (others)
  2 fungi (D:3)
  8 plants
10 creatures vanquished.

Grand Total: 81 creatures vanquished

Notes
Turn   | Place    | Note
-------+----------+-------------------------------------------
     0 | D:1      | bande the Gargoyle Fighter began the quest for the Orb.
     0 | D:1      | Reached XP level 1. HP: 14/14 MP: 1/1
   116 | D:1      | Reached XP level 2. HP: 19/19 MP: 2/2
   227 | D:1      | Found Desen's Antique Weapon Emporium.
   561 | D:2      | Reached XP level 3. HP: 19/23 MP: 3/3
   580 | D:2      | Noticed Robin
   595 | D:2      | Killed Robin
   665 | D:2      | Learned a level 1 spell: Apportation
   687 | D:2      | Reached XP level 4. HP: 26/29 MP: 4/4
   813 | D:2      | Identified the amulet "Qopsomie" {Acrobat -Cast rCorr
                  | Dex+3}
  1352 | D:3      | Found a transporter.
  1454 | D:3      | Noticed Ijyb
  1463 | D:3      | Killed Ijyb
  1464 | D:3      | Reached XP level 5. HP: 21/33 MP: 5/5
  1856 | D:3      | Found a transporter.
  1888 | D:3      | Found a faded altar of an unknown god.
  1994 | D:3      | Found an opulent altar of Gozag.
  2058 | D:4      | Noticed Eustachio
  2058 | D:4      | Found Tuxetyr's Antique Armour Shop.
  2174 | D:4      | Slain by an iron imp

Illustrated notes

Levels and vault maps discovered:
D:1:      shiori_arrival_oz, layout_basic, serial_shops, nicolae_diamond_shop,
          feat_on_display
D:2:      wad_pebble_path, layout_loops_cross, serial_bayou,
          serial_bayou_lagoon_a, serial_bayou_crossing, serial_bayou_shore_a,
          serial_bayou_shore_b, minmay_octomino_j4, uniq_robin
D:3:      gammafunk_wand_slinger, layout_basic,
          nicolae_gozag_cash_rules_everything_around_me,
          dreamdust_ecumenical_altar_grove, grunt_ministairs_4,
          nicolae_goblin_pals
D:4:      layout_loops_ring, nicolae_hepliaklqana_monster_ancestors,
          serial_shops, nicolae_stop_n_shop_1, cheibrodos_gnoll_hut,
          uniq_eustachio

Skill      XL: |  1  2  3  4 |
---------------+-------------+-----
Axes           | 2 3 |  3.3
Shields        | 4 |  4.1
Fighting       | 4 |  4.2
Armour         | 4 |  4.1

Action                     |  1- 3 |  4- 6 || total
---------------------------+-------+-------++-------
  Melee: War axe           |    74 |   145 ||   219
    Use: Scroll            |       |     5 ||     5
         Potion            |       |     1 ||     1
 Armour: Scale mail        |    40 |     1 ||    41
         Chain mail        |       |   218 ||   218
  Dodge: Dodged            |    44 |    84 ||   128
  Block: Buckler           |    14 |    59 ||    73

Table legend: (Time is in decaauts)
 A = Elapsed time spent in this place.
 B = Non-inter-level travel time spent in this place.
 C = Inter-level travel time spent in this place.
 D = Time resting spent in this place.
 E = Time spent auto-exploring this place.
 F = Levels seen in this place.
 G = Mean time per level.
                   A        B        C        D        E       F      G
               +--------+--------+--------+--------+--------+-----+--------+
         Total |   2294 |   2264 |     30 |     66 |   1539 |   4 |  573.5 |
       Dungeon |   2294 |   2264 |     30 |     66 |   1539 |   4 |  573.5 |
               +--------+--------+--------+--------+--------+-----+--------+

Top non-repeatable levels by time:
     D:2: 858 daAuts
     D:3: 854 daAuts
     D:1: 522 daAuts
     D:4: 59 daAuts
